 Dungeon Crawl Stone Soup version 0.32-a0-791-gfc315c9ecd (webtiles) character file.

Game seed: 4789612049102132259

214 hikkokomori the Covered (level 5, 0/45 HPs)
             Began as a Mountain Dwarf Wanderer on Mar 21, 2024.
             Was an Initiate of Beogh.
             Slain by an ogre
             ... wielding a +0 giant club
              (12 damage)
             ... on level 5 of the Dungeon.
             The game lasted 00:07:12 (3641 turns).

hikkokomori the Covered (Mountain Dwarf Wanderer)   Turns: 3641, Time: 00:07:13

Health: 0/45       AC:  9    Str: 15    XL:     5   Next: 60%
Magic:  8/8        EV:  6    Int: 15    God:    Beogh [......]
Gold:   224        SH:  0    Dex:  8    Spells: 4/8 levels left

rFire   . . .        a - +2 short sword (vamp)
rCold   . . .        (no shield)
rNeg    . . .        h - +0 chain mail
rPois   +            (no helmet)
rElec   .            (no cloak)
rCorr   .            (no gloves)
SInv    .            (no boots)
Will    .....        (no amulet) Stlth
                     j - ring of wizardry
HPRegen 0.27/turn    n - ring of poison resistance
MPRegen 0.11/turn

%: wizardry (x1)
@: lethally poisoned (0 -> -2)
A: runic magic, artefact enchanting
a: Renounce Religion


You were on level 5 of the Dungeon.
You worshipped Beogh.
Beogh was noncommittal.
You visited 1 branch of the dungeon, and saw 5 of its levels.

You collected 224 gold pieces.

Inventory:

Hand Weapons
 a - a +2 vampiric short sword (weapon)
Armour
 b - a +0 ring mail
 h - a +0 chain mail (worn)
Magical Staves
 m - a staff of alchemy
Jewellery
 i - a ring of ice
 j - a ring of wizardry (left hand)
 l - a ring of flight
 n - a ring of poison resistance (right hand)
 q - a ring of resist corrosion
Wands
 k - a wand of flame (18)
 s - a wand of iceblast (7)
Scrolls
 d - a scroll of noise
 p - a scroll of enchant armour
Potions
 c - 2 potions of lignification
 g - a potion of curing
 o - a potion of brilliance


   Skills:
 + Level 3.1 Fighting
 - Level 2.4 Short Blades
 + Level 4.1 Armour
 - Level 1.0 Stealth
 - Level 2.0 Spellcasting
 + Level 2.6 Conjurations
 + Level 1.7 Hexes


You had 4 spell levels left.
You knew the following spells:

 Your Spells              Type           Power      Damage    Failure   Level
a - Magic Dart            Conj           36%        1d4       6%          1
b - Dazzling Flash        Conj/Hex       16%        N/A       21%         3

Your spell library contained the following spells:

 Spells                   Type           Power      Damage    Failure   Level
 Gell's Gravitas          Tloc           1%         N/A       43%         3
 Teleport Other           Tloc           1%         N/A       43%         3
 Dispersal                Tloc           0%         N/A       100%        6


Dungeon Overview and Level Annotations

Branches:
Dungeon (5/15)
 Temple: D:4-7

Altars:


Innate Abilities, Weirdness & Mutations

Your spellcasting is much less encumbered by armour.
You can use scrolls of enchantment on lesser artefacts.


Message History

You now have 207 gold pieces (gained 13).
An orc comes into view. It is wielding a +0 hand axe of venom.
You see here 17 gold pieces.
You now have 224 gold pieces (gained 17).
An ogre comes into view. It is wielding a +0 giant club.
Okay, then.
Okay, then.
Found a chain mail.
Found a stone staircase leading down.
You are no longer corroded.
You closely miss the orc. You barely miss the orc.
The orc hits you but does no damage.
You are poisoned.
You hit the orc.
You feel better.
You kill the orc!
Beogh accepts your kill.
You feel very sick.
You hit the ogre.
You feel better.
The ogre is lightly wounded.
You feel sick. The ogre hits you but does no damage.
You hit the ogre.
You feel better.
The ogre is lightly wounded.
You feel sick. The ogre barely misses you.
You barely miss the ogre.
The ogre is lightly wounded.
You feel sick.
You hit the ogre.
You feel better.
The ogre is moderately wounded.
You feel sick.
The ogre hits you with a +0 giant club!!
* * * LOW HITPOINT WARNING * * *
You barely miss the ogre.
The ogre is moderately wounded.
You feel sick.
You hit the ogre but do no damage.
The ogre is moderately wounded.
You feel sick. The ogre closely misses you.
You hit the ogre.
You feel better.
The ogre is moderately wounded.
The ogre hits you with a +0 giant club!
You die...

....# .... ..... [..
.#.## # #..# #...#
#.##... #...######
...... #.........
##.#...## #####.<.#####
........###...........#
#...@O..............
#.>..###...........#.
#....#># #####...#####
.....#.## #......
###.#.# #...### #.##
#...# . ##.## # .#


You could see an ogre.

Vanquished Creatures
  A centaur (D:3)
  5 adders
  2 ribbon worms (D:3)
  6 dart slugs
  2 orcs
  7 endoplasms
  7 giant cockroaches
  7 goblins
  6 hobgoblins
  3 kobolds
  2 quokkas
  6 ball pythons
  4 bats
  7 frilled lizards
  6 rats
71 creatures vanquished.

Notes
Turn   | Place    | Note
-------+----------+-------------------------------------------
     0 | D:1      | hikkokomori the Mountain Dwarf Wanderer began the quest for
                  | the Orb.
     0 | D:1      | hikkokomori set off with the following items: a +2 short
                  | sword, a +0 ring mail, a potion of lignification; and the
                  | following spell memorised: Magic Dart; and the following
                  | spells available to memorise: Dazzling Flash.
     0 | D:1      | Reached XP level 1. HP: 16/16 MP: 2/2
   268 | D:1      | Reached XP level 2. HP: 23/23 MP: 3/3
   714 | D:1      | Reached XP level 3. HP: 20/29 MP: 5/5
  1865 | D:2      | Reached XP level 4. HP: 37/37 MP: 0/6
  2148 | D:3      | Learned a level 3 spell: Dazzling Flash
  2259 | D:3      | Noticed a centaur
  2278 | D:3      | Killed a centaur
  2279 | D:3      | Reached skill level 1 in Hexes
  2279 | D:3      | Reached XP level 5. HP: 23/44 MP: 6/8
  2389 | D:3      | Reached skill level 4 in Armour
  3612 | D:5      | Entered Level 5 of the Dungeon
  3613 | D:5      | Became a worshipper of Beogh the Shepherd
  3622 | D:5      | Noticed an ogre
  3641 | D:5      | Slain by an ogre

Illustrated notes

Levels and vault maps discovered:
D:1:      lightli_arrival_chessboard, layout_loops_cross,
          hangedman_decor_peaks_small, minmay_hexomino_u4
D:2:      layout_rooms
D:3:      layout_basic
D:4:      layout_loops_corners, minmay_temple_entry_proselytizer, serial_shops,
          shop, serial_library_hellmonk_junction, nicolae_the_louvre
D:5:      layout_loops_cross, nicolae_wu_jian_wuxing_cycle

Skill      XL: |  1  2  3  4  5 |
---------------+----------------+-----
Fighting       | 2 3 |  3.1
Conjurations   | 2 |  2.6
Spellcasting   | 2 |  2.0
Hexes          | 1 |  1.7
Armour         | 4 |  4.1
Short Blades   | |  2.4
Stealth        | |  1.0

Action                     |  1- 3 |  4- 6 || total
---------------------------+-------+-------++-------
  Melee: Short sword       |   121 |    59 ||   180
   Cast: Magic Dart        |    64 |    71 ||   135
 Invoke: Convert to Beogh  |       |     1 ||     1
    Use: Scroll            |       |     7 ||     7
 Armour: Ring mail         |    56 |       ||    56
         Chain mail        |    33 |    77 ||   110
  Dodge: Dodged            |    61 |    15 ||    76

Table legend: (Time is in decaauts)
 A = Elapsed time spent in this place.
 B = Non-inter-level travel time spent in this place.
 C = Inter-level travel time spent in this place.
 D = Time resting spent in this place.
 E = Time spent auto-exploring this place.
 F = Levels seen in this place.
 G = Mean time per level.
                   A        B        C        D        E       F      G
               +--------+--------+--------+--------+--------+-----+--------+
         Total |   3621 |   3553 |     68 |    101 |   2834 |   5 |  724.2 |
       Dungeon |   3621 |   3553 |     68 |    101 |   2834 |   5 |  724.2 |
               +--------+--------+--------+--------+--------+-----+--------+

Top non-repeatable levels by time:
     D:3: 1395 daAuts
     D:1: 1221 daAuts
     D:2: 842 daAuts
     D:4: 134 daAuts
     D:5: 27 daAuts
